 Dungeon Sprint DCSS version 0.21-a0-272-g984ae92 (webtiles) character file.

3312 potatolord6000 the Carver (level 9, -9/91 HPs)
             Began as a Minotaur Monk on Sept 15, 2017.
             Was a High Priest of Okawaru.
             Mangled by a vampire knight
             ... wielding a +0 dire flail
              (15 damage)
             ... while paralysed by a vampire knight
             ... in the Dungeon (Sprint VII: "The Pits").
             The game lasted 00:07:07 (1126 turns).

potatolord6000 the Carver (Minotaur Monk)           Turns: 1126, Time: 00:07:08

Health: -9/91      AC: 15    Str: 19    XL:     9   Next: 70%
Magic:  15/15      EV:  2    Int: 10    God:    Okawaru [*****.]
Gold:   0          SH:  0    Dex: 13    Spells: 8/8 levels left

rFire    . . .     SeeInvis .   u - +3 triple sword (holy)
rCold    . . .     Gourm    .   (shield currently unavailable)
rNeg     . . .     Faith    .   w - +5 ring mail
rPois    .         Spirit   .   (helmet restricted)
rElec    .         Reflect  .   v - +0 cloak
rCorr    .         Harm     .   (no gloves)
MR       .....     NoTele   +   j - +0 pair of boots
Stlth    +.........             (no amulet)
HPRegen  0.25/turn              b - +3 ring of intelligence
MPRegen  0.14/turn              p - +3 ring of evasion

@: paralysed
A: retaliatory headbutt, horns 2
a: Heroism, Finesse, Renounce Religion


You were in the Dungeon.
You worshipped Okawaru.
Okawaru was extremely pleased with you.
You were full.

You visited 1 branch

Inventory:

Hand Weapons
 u - a +3 triple sword of holy wrath (weapon)
Armour
 j - a +0 pair of boots (worn)
 v - a +0 cloak (worn)
 w - a +5 ring mail (worn)
Jewellery
 b - a +3 ring of intelligence (left hand)
 p - a +3 ring of evasion (right hand)
Scrolls
 i - a scroll of blinking
 k - 3 scrolls of remove curse
 l - 5 scrolls of amnesia
 m - a scroll of summoning
Potions
 a - 2 potions of invisibility
 e - 7 potions of heal wounds
 f - 2 potions of curing
 g - 4 potions of magic
 h - 3 potions of berserk rage
 q - 3 potions of might
 r - a potion of resistance
 s - a potion of brilliance
 t - a potion of agility
Comestibles
 c - 8 bread rations
 n - 40 fruits
 o - 6 meat rations


   Skills:
 + Level 12.4 Fighting
 + Level 12.4 Long Blades
 + Level 11.9 Armour
 + Level 11.5 Dodging
 - Level 1.5 Stealth
 + Level 10.1 Invocations


You had 8 spell levels left.
You didn't know any spells.

Dungeon Overview and Level Annotations

Branches:
Dungeon (1/1)

Altars:
Ashenzari
Cheibriados
Dithmenos
Elyvilon
Fedhas
Gozag
Hepliaklqana
Kikubaaqudgha
Makhleb
Nemelex Xobeh
Okawaru
Qazlal
Ru
Sif Muna
Trog
Uskayaw
Vehumet
Wu Jian
Xom
Yredelemnul
Zin
The Shining One
Beogh
Jiyva
Lugonu


Innate Abilities, Weirdness & Mutations

You reflexively headbutt those who attack you in melee.
You have a pair of horns on your head.


Message History

You barely miss the vampire knight.
The vampire knight is severely damaged.
The vampire knight gestures at you while chanting.
You suddenly lose the ability to move!
The vampire knight hits you with a dire flail.
The vampire knight bites you!
The vampire knight draws strength from your injuries!
The vampire knight hits you but does no damage.
The vampire knight bites you!
The vampire knight draws strength from your injuries!
The vampire knight completely misses you.
The vampire knight bites you.
The vampire knight draws strength from your injuries!
The vampire knight hits you with a dire flail!!
* * * LOW HITPOINT WARNING * * *
The vampire knight bites you!
* * * LOW HITPOINT WARNING * * *
The vampire knight draws strength from your injuries!
The vampire knight hits you with a dire flail!
You die...

#...<...##...##.'††.+
#.......##..##)†##+##
#.......##..#..##
#.......##..#..#
##########..†..+
##########..#..#
...#...[##.)#..##
...#..[.##).##..##+##
..)'..))##)..##V@...+
)..#..).##....###)..#
...#!.))##......#...'...
########################


You could see a vampire knight.

Vanquished Creatures
  A death yak (D)
  Sonja (D)
  An elephant (D)
  A kobold demonologist (D)
  A hippogriff (D)
  4 vampire mosquitoes (D)
  A floating eye (D)
  A necrophage (D)
  An orc warrior (D)
  An eye of draining (D)
  A wolf (D)
  A bullfrog (D)
  2 big kobolds (D)
  A gnoll sergeant (D)
  2 hounds (D)
  2 worker ants (D)
  5 gnolls (D)
  2 adders (D)
  A white imp (D)
  An ufetubus (D)
  An adder simulacrum (D)
  2 leopard geckos (D)
  3 orcs (D)
  A ball python (D)
  A bat (D)
  A giant cockroach (D)
  2 jackals (D)
  A leopard gecko zombie (D)
  A rat (D)
44 creatures vanquished.

Notes
Turn   | Place    | Note
-------+----------+-------------------------------------------
     0 | D        | potatolord6000 the Minotaur Monk began the quest for the Orb.
     0 | D        | Reached XP level 1. HP: 19/19 MP: 0/0
    14 | D        | Reached skill level 1 in Armour
    49 | D        | Found a bloodstained altar of Trog.
    49 | D        | Found a deep blue altar of Sif Muna.
    49 | D        | Found a viscous altar of Jiyva.
    49 | D        | Found a hazy altar of Hepliaklqana.
    49 | D        | Found an opulent altar of Gozag.
    50 | D        | Found a glowing golden altar of the Shining One.
    50 | D        | Found a glowing silver altar of Zin.
    50 | D        | Found a basalt altar of Yredelemnul.
    50 | D        | Found a shimmering altar of Xom.
    50 | D        | Found an ornate altar of the Wu Jian Council.
    50 | D        | Found a sacrificial altar of Ru.
    50 | D        | Found a stormy altar of Qazlal.
    50 | D        | Found an iron altar of Okawaru.
    50 | D        | Found a sparkling altar of Nemelex Xobeh.
    50 | D        | Found a burning altar of Makhleb.
    50 | D        | Found a blossoming altar of Fedhas.
    50 | D        | Found a white marble altar of Elyvilon.
    50 | D        | Found a shadowy altar of Dithmenos.
    50 | D        | Found a snail-covered altar of Cheibriados.
    52 | D        | Found a radiant altar of Vehumet.
    52 | D        | Found a corrupted altar of Lugonu.
    52 | D        | Found a roughly hewn altar of Beogh.
    54 | D        | Found an ancient bone altar of Kikubaaqudgha.
    54 | D        | Found a hide-covered altar of Uskayaw.
    54 | D        | Found a shattered altar of Ashenzari.
   116 | D        | Became a worshipper of Warmaster Okawaru
   116 | D        | Reached * piety under Okawaru
   116 | D        | Reached ** piety under Okawaru
   132 | D        | Noticed a worker ant
   137 | D        | Killed a worker ant
   137 | D        | Reached skill level 1 in Invocations
   137 | D        | Reached XP level 2. HP: 28/28 MP: 0/2
   145 | D        | Reached skill level 5 in Fighting
   145 | D        | Reached skill level 5 in Long Blades
   145 | D        | Reached XP level 3. HP: 22/36 MP: 0/3
   153 | D        | Noticed a floating eye
   160 | D        | Reached skill level 5 in Dodging
   163 | D        | Killed a floating eye
   163 | D        | Reached *** piety under Okawaru
   163 | D        | Reached skill level 5 in Armour
   163 | D        | Reached XP level 4. HP: 22/45 MP: 1/5
   163 | D        | Reached XP level 5. HP: 25/51 MP: 1/6
   349 | D        | Reached skill level 5 in Invocations
   375 | D        | Reached XP level 6. HP: 58/61 MP: 8/8
   514 | D        | Noticed an elephant
   514 | D        | Noticed Sonja
   529 | D        | Killed an elephant
   529 | D        | Reached **** piety under Okawaru
   529 | D        | Reached XP level 7. HP: 49/71 MP: 8/11
   544 | D        | Killed Sonja
   544 | D        | Reached skill level 10 in Fighting
   544 | D        | Reached skill level 10 in Long Blades
   544 | D        | Reached skill level 10 in Armour
   544 | D        | Reached skill level 10 in Dodging
   544 | D        | Reached XP level 8. HP: 37/81 MP: 10/13
   745 | D        | Noticed a hippogriff
   749 | D        | Reached ***** piety under Okawaru
   755 | D        | Killed a hippogriff
   919 | D        | Noticed a death yak
   931 | D        | Killed a death yak
   931 | D        | Reached XP level 9. HP: 73/90 MP: 0/15
  1043 | D        | Received a gift from Okawaru
  1054 | D        | Reached skill level 10 in Invocations
  1105 | D        | Noticed a kobold demonologist
  1113 | D        | Killed a kobold demonologist
  1115 | D        | Noticed a vampire knight
  1123 | D        | Paralysed by a vampire knight for 4 turns
  1126 | D        | Mangled by a vampire knight

Vault maps used:
D:        pitsprint

Skill      XL: |  1  2  3  4  5  6  7  8  9 |
---------------+----------------------------+-----
Fighting       | 4 5 6 7 9 10 11 12 | 12.4
Long Blades    | 4 5 6 7 9 10 11 12 | 12.4
Armour         | 3 5 6 9 10 11 | 11.9
Dodging        | 4 6 7 9 10 11 | 11.5
Invocations    | 1 2 3 5 7 8 9 10 | 10.1
Stealth        | |  1.5

Action                   |  1- 3 |  4- 6 |  7- 9 || total
-------------------------+-------+-------+-------++-------
Melee: Falchion          |    19 |     6 |       ||    25
       Headbutt          |     3 |    16 |    21 ||    40
       Long sword        |       |    46 |    60 ||   106
       Triple sword      |       |       |    12 ||    12
Invok: Heroism           |       |     1 |     2 ||     3
  Use: Potion            |     2 |       |     5 ||     7
 Stab: Sleeping          |     1 |       |       ||     1
  Eat: Meat ration       |       |     1 |       ||     1
Armor: Robe              |     1 |       |       ||     1
       Scale mail        |       |    27 |    14 ||    41
       Ring mail         |       |       |    22 ||    22
Dodge: Dodged            |    13 |    63 |    80 ||   156
       Rpst.: Falchion   |     3 |     1 |       ||     4
       Long sword        |       |    18 |    17 ||    35
       Triple sword      |       |       |     2 ||     2

Table legend:
 A = Spawn XP
 B = Non-spawn XP
 C = Spawn XP percentage of total XP
 D = Spawn monster count
 E = Non-spawn monster count
 F = Spawn count percentage of total count
 G = Total turns spent on level
                    A         B        C        D         E        F      G
               +---------+---------+-------+---------+---------+-------+---------
         Total |       0 |    4732 |   0.0 |       0 |      44 |   0.0 |  1126
               +---------+---------+-------+---------+---------+-------+---------
             D |       0 |    4732 |   0.0 |       0 |      44 |   0.0 |  1126
               +---------+---------+-------+---------+---------+-------+---------
